AoeStats
← superflas007z

Arabia

510959252Analyzed
2v2 RM · 9h ago on Oct 3, 2026· 60m 43s· 4 players
Game mode
Random Map
Map size
Medium (4 player)
Population
200
Speed
Normal
Resources
Standard
Victory
Conquest
Starting age
Dark Age
Ending age
Imperial Age
RankedLock teamsTeams togetherTeam positionsShared explorationLock speedFull tech treeHidden civsTurbo modeCheats
Victory
Defeat
🇮🇹 Khmer · Italy
971
+17
🇲🇽 Chinese · Mexico
946
+18
🇨🇭 Persians · Switzerland
1006
-18
🇨🇭 Teutons · Switzerland
997
-17
superflas007z
0:29 Loom
10:24 Feudal Age
18:41 Castle Age
17:32 Double-Bit Axe
17:41 Stone Mining
21:46 Stone Shaft Mining
29:32 Ballistics
34:25 Imperial Age
34:15 Pikeman
35:58 Wheelbarrow
36:06 Conscription
35:47 Horse Collar
38:25 Halberdier
41:01 Forging
42:58 Squires
42:44 Arson
43:43 Hand Cart
45:05 Chemistry
45:11 Elite Chu Ko Nu
46:27 Fletching
46:38 Padded Archer Armor
46:42 Scale Mail Armor
46:46 Gold Mining
49:13 Bodkin Arrow
49:34 Leather Archer Armor
50:11 Rocketry
52:31 Bow Saw
55:50 Two-Man Saw
57:53 Heavy Scorpion
Maurizio il Brocco
4:40 Loom
7:37 Feudal Age
17:28 Bloodlines
18:04 Gold Mining
18:15 Double-Bit Axe
20:49 Castle Age
20:23 Horse Collar
20:57 Light Cavalry
21:37 Husbandry
23:55 Scale Barding Armor
34:02 Town Watch
39:16 Wheelbarrow
39:15 Fletching
41:01 Hand Cart
45:19 Imperial Age
44:48 Forging
46:31 Conscription
46:06 Heavy Scorpion
48:08 Double Crossbow
47:35 Hussar
49:27 Chain Barding Armor
49:42 Iron Casting
50:35 Bodkin Arrow
54:49 Elite Ballista Elephant
55:57 Devotion
56:27 Bow Saw
57:13 Stone Mining
Mamarie
11:07 Feudal Age
12:26 Wheelbarrow
20:45 Castle Age
18:52 Horse Collar
19:10 Double-Bit Axe
21:07 Forging
21:00 Scale Mail Armor
21:47 Squires
21:49 Pikeman
24:13 Stone Mining
26:26 Hand Cart
33:06 Fletching
35:27 Bodkin Arrow
35:33 Padded Archer Armor
36:29 Town Watch
37:38 Heavy Plow
45:45 Bow Saw
51:43 Ballistics
54:29 Iron Casting
60:13 Imperial Age
58:02 Chain Mail Armor
57:48 Padded Archer Armor
60:35 Halberdier
kriket
10:49 Feudal Age
9:30 Loom
12:27 Wheelbarrow
11:40 Double-Bit Axe
11:47 Horse Collar
19:00 Bloodlines
22:31 Castle Age
21:16 Forging
21:08 Stone Mining
21:53 Scale Barding Armor
21:46 Gold Mining
27:20 Bow Saw
28:50 Iron Casting
30:06 Chain Barding Armor
31:16 Husbandry
33:47 Hand Cart
33:18 Town Watch
36:48 Imperial Age
34:57 Stone Shaft Mining
36:30 Cavalier
38:02 Gold Shaft Mining
38:16 Savar
39:44 Conscription
41:52 Kamandaran
42:08 Crossbowman
42:53 Thumb Ring
44:25 Two-Man Saw
43:35 Fletching
43:46 Padded Archer Armor
44:58 Heavy Plow
44:52 Light Cavalry
46:34 Blast Furnace
46:10 Plate Barding Armor
47:10 Bodkin Arrow
47:30 Leather Archer Armor
48:52 Coinage
48:59 Ballistics
50:39 Chemistry
49:35 Murder Holes
50:32 Ring Archer Armor
50:36 Banking
50:07 Heavy Camel Rider
50:33 Elite Skirmisher
52:29 Citadels
59:29 Hussar
Connection lost

Rejoining the realm…

Still unreachable

The connection could not be restored.

Session expired

The server has moved on; the page needs a fresh start.